Map: [ESL] Radhuset Station

Players

eGGz

  • Race: Zerg Zerg
  • Spawn Location: 7:00

Kelazhur - Winner!

  • Race: Terran Terran
  • Spawn Location: 1:00

Event: ESL SC2 Masters 2023 Winter (Regional)

VOD

Have the link to the VOD?

Description

Time

  • Played on: Nov. 11, 2023, 1:32 p.m.
  • Length: 19:11

All games in this series

Show
View Real Time Build Order
Export as new Build Order

eGGz Zerg 

Build Orders: Hatch First, Swarm Host 

Get SALT Encoding   

  12  0:00  Drone  
  13  0:12  Overlord  
  13  0:17  Drone  
  14  0:30  Drone  
  14  0:31  Drone  
  16  0:49  Hatchery  
  15  0:52  Drone  
  15  0:56  Drone  
  17  1:11  Spawning Pool  
  16  1:13  Drone  
  16  1:16  Drone  
  18  1:23  Drone  
  19  1:30  Drone  
  20  1:43  Drone  
  21  1:59  Zergling x2  
  21  2:00  Queen  
  21  2:01  Zergling x2, Queen  
  24  2:07  Overlord  
  27  2:17  Hatchery  
  27  2:19  Drone  
  28  2:22  Drone  
  28  2:28  Drone  
  29  2:33  Drone  
  30  2:38  Overlord  
  30  2:39  Drone  
  30  2:44  Overlord  
  30  2:47  Queen  
  32  2:53  Drone  
  32  2:54  Drone  
  34  3:00  Drone  
  34  3:01  Extractor  
  34  3:02  Extractor  
  34  3:04  Drone  
  34  3:05  Drone  
  34  3:10  Drone  
  36  3:14  Drone x2  
  36  3:18  Drone x2  
  40  3:27  Overlord  
  40  3:28  Drone  
  40  3:29  Queen  
  43  3:34  Queen  
  43  3:35  Drone  
  43  3:41  Drone x3  
  49  3:46  Extractor  
  49  3:47  Extractor  
  47  3:50  Drone x2  
  49  3:59  Drone x2  
  49  4:00  Metabolic Boost  
  49  4:01  Drone x2  
  49  4:02  Drone x2  
  55  4:08  Zergling x4  
  55  4:09  Zergling x4  
  59  4:16  Queen  
  61  4:21  Lair  
  61  4:22  Zergling x4  
  61  4:23  Zergling x2  
  60  4:28  Queen  
  60  4:30  Zergling x4  
  60  4:31  Zergling x2  
  65  4:38  Overlord x2  
  65  4:51  Overlord  
  64  4:58  Drone x9  
  73  5:04  Overlord  
  73  5:11  Drone x4  
  73  5:13  Drone  
  73  5:14  Drone  
  75  5:23  Drone x2  
  75  5:24  Drone, Spire  
  75  5:27  Drone  
  78  5:30  Extractor  
  78  5:31  Extractor  
  78  5:32  Overseer  
  76  5:36  Queen  
  76  5:37  Zergling x6  
  81  5:45  Overlord  
  81  5:50  Overlord  
  81  5:54  Overlord  
  81  5:59  Overlord  
  81  6:02  Queen, Overlord  
  81  6:03  Overlord  
  83  6:06  Drone x6, Hatchery  
  83  6:09  Overlord  
  88  6:13  Baneling Nest  
  87  6:25  Overlord  
  87  6:27  Spore Crawler  
  87  6:29  Drone x2, Spore Crawler  
  87  6:31  Overlord  
  87  6:36  Spore Crawler  
  87  6:37  Mutalisk x5  
  96  6:44  Mutalisk  
  96  6:45  Mutalisk x2  
  96  6:46  Mutalisk  
  104  6:50  Mutalisk  
  106  6:56  Mutalisk x3  
  106  7:00  Zerg Flyer Weapons Level 1  
  106  7:01  Centrifugal Hooks  
  112  7:05  Pneumatized Carapace  
  112  7:07  Drone x2  
  112  7:08  Drone  
  115  7:10  Evolution Chamber  
  115  7:12  Evolution Chamber  
  112  7:19  Drone  
  112  7:20  Drone  
  112  7:22  Mutalisk x3  
  112  7:25  Overlord  
  118  7:33  Drone x5  
  117  7:38  Mutalisk x2  
  121  7:45  Zerg Melee Weapons Level 1, Zerg Ground Armor Level 1  
  121  7:47  Drone  
  122  7:52  Drone x4  
  122  7:53  Drone  
  122  7:58  Drone x3  
  129  7:59  Infestation Pit  
  129  8:06  Drone x7  
  129  8:10  Overlord  
  129  8:12  Drone x3  
  139  8:18  Drone x3, Evolution Chamber  
  139  8:19  Drone, Hydralisk Den  
  141  8:23  Overlord  
  141  8:30  Baneling x8  
  141  8:32  Extractor  
  141  8:33  Extractor  
  139  8:37  Infestor x2  
  143  8:41  Zergling x2  
  143  8:42  Zergling x24  
  156  8:52  Grooved Spines  
  156  8:53  Hydralisk x2  
  160  8:58  Hatchery  
  159  9:06  Spore Crawler  
  158  9:11  Burrow  
  158  9:16  Infestor x2  
  158  9:18  Hatchery  
  157  9:26  Zerg Missile Weapons Level 1  
  157  9:27  Hive  
  157  9:34  Corruptor x2  
  157  9:35  Zergling x12  
  167  9:42  Muscular Augments  
  167  9:47  Hatchery  
  167  9:50  Overlord, Hatchery  
  167  9:52  Overlord  
  165  9:54  Zerg Melee Weapons Level 2, Zerg Ground Armor Level 2  
  165  9:56  Overlord  
  165  9:58  Hatchery  
  164  10:01  Overlord  
  158  10:16  Hydralisk  
  158  10:17  Hydralisk x9  
  175  10:25  Overlord x2  
  175  10:29  Overlord  
  175  10:33  Overlord  
  175  10:35  Drone x9  
  184  10:36  Drone  
  185  10:43  Hydralisk x4  
  185  10:44  Corruptor x2  
  185  10:46  Zerg Flyer Weapons Level 2  
  197  11:07  Baneling x11  
  197  11:19  Baneling x9  
  197  11:20  Zergling x4  
  197  11:21  Zergling x2  
  200  11:30  Baneling  
  200  11:31  Baneling x8  
  199  11:34  Infestation Pit  
  190  11:40  Overlord  
  190  11:45  Zergling x22  
  190  11:46  Zergling x20  
  170  11:57  Zergling x4, Hydralisk x3  
  170  11:58  Zergling x12  
  171  12:01  Zergling x6  
  171  12:06  Hydralisk x3  
  176  12:11  Zergling x6  
  155  12:18  Hydralisk  
  155  12:19  Hydralisk x4  
  151  12:24  Drone x2  
  151  12:26  Drone x2  
  151  12:27  Drone  
  151  12:29  Zerg Ground Armor Level 3, Zerg Melee Weapons Level 3  
  154  12:35  Zergling x4, Hydralisk x3  
  154  12:36  Zergling x10  
  167  12:40  Extractor  
  167  12:41  Extractor  
  165  12:50  Zergling x18  
  174  12:58  Overseer  
  174  12:59  Zergling x4  
  174  13:00  Zergling x12, Spore Crawler  
  180  13:13  Swarm Host x6  
  185  13:34  Zergling x30  
  184  13:52  Corruptor x5  
  184  13:54  Swarm Host x6  
  187  14:06  Spore Crawler, Corruptor x3  
  187  14:07  Corruptor x2  
  186  14:12  Zergling x24  
  190  14:24  Zergling x16  
  188  14:31  Baneling x27  
  188  14:32  Baneling  
  182  14:40  Overseer  
  182  14:42  Zergling x22  
  193  14:51  Zergling x14  
  195  14:58  Zergling x8  
  199  15:06  Zerg Missile Weapons Level 2  
  161  15:09  Zergling x14  
  131  15:16  Drone x3  
  127  15:22  Greater Spire  
  127  15:23  Zergling x14  
  134  15:33  Zergling x12  
  125  15:41  Hydralisk x5  
  134  15:43  Baneling x11  
  134  15:44  Hydralisk x3, Baneling x6  
  134  15:48  Hydralisk  
  134  15:49  Hydralisk  
  144  15:54  Hydralisk x4  
  144  15:56  Hydralisk  
  153  16:10  Zergling x14  
  145  16:22  Zergling x30  
  143  16:26  Hydralisk x2  
  143  16:31  Overseer  
  136  16:35  Hydralisk x4  
  138  16:45  Drone x3  
  138  16:46  Drone x2  
  139  17:00  Hydralisk x4  
  139  17:01  Hydralisk  
  144  17:07  Drone x4  
  144  17:08  Drone x3  
  149  17:21  Nydus Network  
  148  17:27  Drone x2  
  148  17:28  Drone  
  151  17:30  Swarm Host x5  
  166  17:40  Hatchery  
  162  17:48  Hydralisk x4  
  168  17:56  Brood Lord x2  
  170  17:58  Baneling x2  
  170  17:59  Baneling x4  
  170  18:00  Baneling x4  
  168  18:09  Baneling x13  
  164  18:24  Hydralisk x4  
  172  18:35  Zergling x12  
  172  18:37  Brood Lord  
  172  18:40  Zergling x6  
  159  18:48  Zergling x12  
Show
View Real Time Build Order
Export as new Build Order

Kelazhur Terran - Winner!

Build Orders: Reaper Expand 

Get SALT Encoding   

  12  0:00  SCV  
  13  0:12  SCV  
  14  0:17  Supply Depot  
  14  0:24  SCV  
  15  0:39  SCV  
  15  0:40  Barracks  
  16  0:44  Refinery  
  16  0:51  SCV  
  17  1:03  SCV  
  18  1:15  SCV  
  19  1:27  Orbital Command, Reaper  
  20  1:41  Command Center  
  20  1:54  Supply Depot  
  20  1:55  SCV  
  20  1:59  Marine  
  22  2:08  Factory  
  22  2:11  SCV  
  23  2:22  Barracks Reactor  
  23  2:23  SCV  
  24  2:35  SCV  
  25  2:47  Command Center, SCV  
  26  2:56  Orbital Command  
  26  3:00  SCV  
  27  3:06  Cyclone  
  27  3:11  Hellion  
  31  3:16  SCV  
  32  3:21  Refinery  
  32  3:22  SCV  
  33  3:28  SCV  
  33  3:29  Starport  
  33  3:33  Hellion  
  36  3:34  SCV  
  36  3:38  Hellion  
  36  3:40  SCV  
  40  3:46  SCV  
  41  3:49  Barracks Tech Lab  
  41  3:52  SCV  
  42  3:56  Hellion  
  42  4:00  Hellion  
  42  4:02  SCV  
  47  4:03  SCV  
  47  4:07  SCV  
  49  4:13  Fusion Core  
  49  4:14  SCV  
  50  4:17  Hellion  
  50  4:22  Hellion  
  55  4:24  SCV  
  55  4:26  Refinery  
  55  4:27  Supply Depot  
  55  4:28  SCV, Refinery  
  56  4:33  Viking  
  56  4:36  SCV  
  60  4:40  Orbital Command  
  60  4:42  SCV  
  60  4:48  SCV  
  60  4:52  Hellion x2  
  63  4:55  SCV  
  64  5:00  SCV  
  66  5:07  SCV x2  
  66  5:11  Supply Depot x2  
  66  5:13  SCV  
  68  5:19  SCV x2  
  68  5:25  SCV  
  68  5:27  Supply Depot  
  69  5:31  SCV x2  
  69  5:32  Weapon Refit, Battlecruiser  
  79  5:37  SCV  
  79  5:41  Cyclone x2  
  80  5:43  SCV  
  80  5:44  SCV  
  80  5:48  Factory  
  82  5:51  Factory, SCV  
  82  5:55  SCV  
  82  5:56  SCV  
  85  6:03  SCV  
  86  6:08  SCV  
  86  6:09  Armory, SCV  
  86  6:10  Engineering Bay  
  88  6:15  SCV  
  88  6:16  Refinery x2  
  89  6:20  SCV  
  89  6:21  Hellion  
  89  6:22  SCV  
  93  6:32  Supply Depot  
  93  6:35  Factory Tech Lab x2  
  93  6:41  Missile Turret  
  93  6:46  Supply Depot  
  93  6:47  Supply Depot  
  93  6:48  Missile Turret  
  93  6:50  Missile Turret  
  99  6:54  Cyclone x2, SCV x3  
  99  6:58  Supply Depot  
  99  7:00  Supply Depot x2  
  100  7:04  Terran Vehicle Weapons Level 1  
  100  7:08  Cyclone x2  
  104  7:09  Battlecruiser  
  104  7:10  Supply Depot  
  104  7:14  Factory  
  110  7:15  SCV  
  110  7:16  SCV  
  110  7:18  Factory, SCV  
  113  7:25  Missile Turret  
  113  7:27  Missile Turret, Supply Depot  
  111  7:30  Cyclone x2  
  111  7:31  SCV  
  111  7:35  SCV  
  117  7:41  SCV  
  117  7:43  SCV  
  119  7:49  Command Center  
  121  8:01  Cyclone x2  
  121  8:03  Barracks, Hurricane Engines  
  123  8:07  SCV  
  123  8:08  SCV x2  
  123  8:10  Cyclone x2, Armory  
  130  8:14  Cyclone  
  132  8:24  Supply Depot  
  132  8:26  Battlecruiser  
  138  8:28  Cyclone  
  138  8:31  Supply Depot  
  138  8:32  Supply Depot  
  138  8:33  Supply Depot  
  144  8:41  SCV x3  
  144  8:42  Cyclone  
  144  8:44  Cyclone, Supply Depot  
  147  8:48  Factory Tech Lab, Factory Reactor  
  147  8:53  SCV x3, Supply Depot  
  147  8:54  Siege Tank  
  153  9:05  SCV x2  
  153  9:07  Missile Turret  
  155  9:10  Missile Turret  
  155  9:12  Siege Tank x2  
  155  9:13  Missile Turret  
  161  9:18  SCV  
  161  9:20  Missile Turret, SCV  
  161  9:23  Cyclone x2  
  167  9:26  Cyclone x2  
  167  9:29  Refinery  
  167  9:30  Refinery  
  171  9:33  Terran Vehicle Weapons Level 2  
  171  9:34  Terran Vehicle And Ship Armor Level 1  
  171  9:38  Missile Turret  
  171  9:39  Orbital Command  
  171  9:43  Sensor Tower  
  171  9:46  SCV x2  
  171  9:47  SCV  
  171  9:49  Thor  
  171  9:51  Hellion x2  
  184  9:58  Missile Turret, SCV  
  184  9:59  Hellion x2  
  193  10:00  Hellion x2, Missile Turret  
  193  10:02  Infernal Pre-Igniter  
  193  10:10  Supply Depot  
  193  10:12  Supply Depot  
  190  10:18  Missile Turret  
  190  10:19  Siege Tank x2, Missile Turret x2  
  194  10:27  Hellion x3  
  200  10:44  Factory  
  200  10:45  Barracks Tech Lab, Factory  
  200  10:46  Barracks x2, Factory  
  200  10:47  Command Center, Ghost Academy  
  200  10:49  Command Center  
  200  10:53  Smart Servos  
  198  11:20  Starport Reactor  
  198  11:43  Siege Tank  
  198  11:44  Siege Tank  
  198  11:45  Siege Tank, Factory Tech Lab  
  198  11:46  Factory Tech Lab x2  
  170  11:54  SCV x4  
  170  12:04  Siege Tank x3  
  179  12:14  Hellion x2  
  179  12:15  Siege Tank, Hellion x2  
  164  12:17  Siege Tank  
  164  12:21  Terran Vehicle Weapons Level 3, Terran Vehicle And Ship Armor Level 2  
  147  12:29  Siege Tank  
  147  12:32  Barracks Tech Lab x2, Command Center  
  147  12:36  Siege Tank x2  
  153  12:40  Hellion x3  
  153  12:43  Hellion x2  
  163  12:49  Command Center  
  163  12:52  Command Center  
  163  12:54  Ghost x3  
  169  12:59  Siege Tank x2  
  169  13:01  Hellion x2  
  179  13:12  Hellion x3  
  183  13:21  Planetary Fortress  
  183  13:22  Ghost  
  183  13:24  Siege Tank  
  191  13:28  Thor x2  
  191  13:33  Missile Turret  
  198  13:34  Refinery  
  198  13:35  Refinery  
  198  13:37  Ghost x2  
  198  13:40  Hi-Sec Auto Tracking  
  195  13:54  Thor  
  190  13:56  Hellion x4  
  189  14:08  Orbital Command x3  
  189  14:15  Command Center  
  189  14:18  Hellion  
  187  14:24  SCV  
  187  14:25  SCV x3  
  187  14:30  Hellion x3  
  189  14:43  Starport Reactor  
  182  14:53  Ghost x3  
  176  15:13  Hellion  
  176  15:14  Hellion x5  
  146  15:21  Siege Tank x2, Ghost x2  
  146  15:22  Ghost  
  158  15:30  SCV x2  
  158  15:31  SCV x2  
  156  15:37  Hellion x2  
  156  15:39  Cyclone x6  
  166  15:45  Terran Vehicle And Ship Armor Level 3  
  166  15:53  Cyclone  
  166  15:54  Siege Tank, Ghost  
  177  15:58  Hellion x2  
  181  16:11  Hellion, Cyclone, Siege Tank x3  
  182  16:23  Cyclone x3  
  175  16:32  Personal Cloaking  
  171  16:33  Hellion  
  171  16:34  Hellion x2  
  167  16:42  Planetary Fortress  
  167  16:43  Hellion x3, Missile Turret  
  167  16:44  Hellion, Refinery  
  167  16:46  Refinery  
  169  16:50  Terran Ship Weapons Level 1  
  169  16:55  Hellion x3  
  169  16:56  Hellion x3  
  181  17:06  SCV x4  
  185  17:08  Siege Tank  
  185  17:09  Siege Tank x2  
  194  17:16  Siege Tank  
  194  17:17  Siege Tank  
  196  17:55  Thor  
  200  18:12  Sensor Tower  
  200  18:15  Command Center  
  200  18:16  Command Center  
  200  18:20  Command Center  
  200  18:39  Viking x2  
  197  19:01  Command Center  
Tags
 
Add a new tag
Caveats
  • Supply blocks, unpowered buildings, or Contaminate may cause inaccurate times.
  • Supply counts are checked every 10 seconds.